 Dungeon Crawl Stone Soup version 0.20-a0-2-g2b0e13a (console) character file.

49 brucemayne the Chopper (level 3, -1/29 HPs)
             Began as a Demonspawn Berserker on Oct 29, 2016.
             Was a Follower of Trog.
             Slain by an orc
             ... wielding a +0 short sword
              (8 damage)
             ... on level 4 of the Dungeon.
             The game lasted 00:01:20 (424 turns).

brucemayne the Chopper (Demonspawn Berserker)        Turns: 424, Time: 00:01:21

Health: -1/29      AC:  3    Str: 18    XL:     3   Next: 51%
Magic:  3/3        EV: 12    Int:  8    God:    Trog [*.....]
Gold:   41         SH:  0    Dex: 12    Spells: 0 memorised, 2 levels left

rFire  . . .     SeeInvis .     a - +0 hand axe
rCold  . . .     Gourm    .     b - +0 animal skin
rNeg   . . .     Faith    .     (no shield)
rPois  .         Spirit   .     (no helmet)
rElec  .         Reflect  .     e - +0 cloak
rCorr  .         Harm     .     (no gloves)
MR     .....                    (no boots)
Stlth  +.........               (no amulet)
                                (no ring)
                                (no ring)

@: exhausted, slowed, very slow
A: talons 1
a: Berserk, Burn Spellbooks, Renounce Religion


You were on level 4 of the Dungeon.
You worshipped Trog.
Trog was aware of your devotion.
You were not hungry.

You visited 1 branch of the dungeon, and saw 4 of its levels.

You collected 41 gold pieces.

Inventory:

Hand Weapons
 a - a +0 hand axe (weapon)
Armour
 b - a +0 animal skin (worn)
 e - a +0 cloak (worn)
Potions
 d - a potion of flight {unknown}
Comestibles
 c - a bread ration
 f - a meat ration
 g - 2 chunks of flesh


   Skills:
 - Level 3.0 Fighting
 + Level 4.0 Axes
 - Level 1.7 Armour
 - Level 1.7 Dodging
 + Level 0.6 Stealth


You had 2 spell levels left.
You didn't know any spells.

Dungeon Overview and Level Annotations

Branches:
Dungeon (4/15)
 Temple: D:4-7

Altars:
Nemelex Xobeh


Innate Abilities, Weirdness & Mutations

You have sharp toenails.


Message History

The worker ant is almost dead.
The worker ant misses you.
You closely miss the worker ant. You claw the worker ant.
You kill the worker ant!
Trog accepts your kill.
Your Axes skill increases to level 4!
You have reached level 3!
Your experience leads to an increase in your attributes!
Your base attributes are Str 17, Int 8, Dex 12.
Increase (S)trength, (I)ntelligence, or (D)exterity?
You feel stronger.
You feel a strong urge to attack something.
You feel your anger subside.
You are no longer berserk.
You are exhausted.
You feel yourself slow down. 2 orcs and an orc wizard come into view.
The orc hits you with a short sword.
* * * LOW HITPOINT WARNING * * *
The orc hits you with a short sword!
You die...

#†# #.# .#
#########.############.#
#....................#.#
#..........#########.#.#
#.(........# #.#.# #..........#
#.#.# #..........#########.#.# .
...............@o.........# ...
####..........###.#####.###.....
#.)........# #.# #..†......
############ #.. ######.... ..o.
. ##o.# #.# .. #.#


You could see an orc.

Vanquished Creatures
  A worker ant (D:4)
  An adder (D:3)
  A leopard gecko (D:4)
  A giant cockroach (D:4)
  2 hobgoblins (D:2)
  5 jackals (D:4)
  2 bats
  A kobold (D:1)
  2 rats (D:3)
16 creatures vanquished.

Notes
Turn   | Place    | Note
-------+----------+-------------------------------------------
     0 | D:1      | brucemayne the Demonspawn Berserker began the quest for the Orb.
     0 | D:1      | Reached XP level 1. HP: 18/18 MP: 1/1
     2 | D:1      | Noticed a centaur
     2 | D:1      | Noticed a vampire
     4 | D:1      | Noticed an octopode
     4 | D:1      | Noticed an ogre
     6 | D:1      | Noticed a halfling
     9 | D:1      | Noticed a dwarf
     9 | D:1      | Noticed a spriggan
    11 | D:1      | Noticed a draconian
    11 | D:1      | Noticed a tengu
    13 | D:1      | Noticed a gargoyle
    13 | D:1      | Noticed a formicid
    15 | D:1      | Noticed a vine stalker
    17 | D:1      | Noticed a merfolk
    17 | D:1      | Noticed a troll
    19 | D:1      | Noticed a felid
    19 | D:1      | Noticed an elf
    21 | D:1      | Noticed a ghoul
    23 | D:1      | Noticed a minotaur
    23 | D:1      | Noticed a demigod
    25 | D:1      | Noticed a naga
    27 | D:1      | Noticed a demonspawn
    27 | D:1      | Noticed a human
   176 | D:3      | Reached skill level 3 in Axes
   176 | D:3      | Gained mutation: You have sharp toenails. [demonic ancestry]
   176 | D:3      | Reached XP level 2. HP: 14/24 MP: 2/2
   315 | D:3      | Found a sparkling altar of Nemelex Xobeh.
   415 | D:4      | Reached skill level 4 in Axes
   415 | D:4      | Reached XP level 3. HP: 13/29 MP: 3/3
   424 | D:4      | Slain by an orc

Vault maps used:
D:1:      kb_arrival_jail
D:2:      lemuel_crystal_altar, lemuel_crystal_altar, dk_yredelemnul_ordeal,
          uniq_robin
D:3:      roderic_lattice_a, nemelex_xobeh_ov_fountains_minmay
D:4:      cheibrodos_greedy_goblins

Skill      XL: |  1  2 |
---------------+-------+-----
Axes           | 3 4 |  4.0
Fighting       | |  3.0
Armour         | |  1.7
Dodging        | |  1.7
Stealth        | |  0.6

Action                   || total
-------------------------++-------
Melee: Hand axe          ||    51
       Kick              ||    10
Invok: Berserk           ||     2
 Stab: Sleeping          ||     1
Armor: Animal skin       ||    11
Dodge: Dodged            ||    29
